 Dungeon Crawl Stone Soup version 0.27-a0-1301-g128193abf8 (webtiles) character file.

Game seed: 14178665237958074608

15994 freelancePsychic the Scribe (level 12, -2/96 HPs)
             Began as a Demonspawn Conjurer on June 17, 2021.
             Was a Priest of Sif Muna.
             Slain by a minotaur (9 damage)
             ... in a Gauntlet.
             The game lasted 00:41:27 (16550 turns).

freelancePsychic the Scribe (Demonspawn Conjurer)  Turns: 16550, Time: 00:41:27

Health: -2/96      AC: 12    Str:  8    XL:     12   Next: 6%
Magic:  7/19       EV: 13    Int: 31    God:    Sif Muna [***...]
Gold:   1278       SH:  0    Dex: 11    Spells: 6/17 levels left

rFire    . . .     SeeInvis .   J - +2 dagger (drain)
rCold    . . .     Faith    .   (no shield)
rNeg     . . .     Spirit   .   h - +0 ring mail
rPois    .         Reflect  .   w - +2 helmet
rElec    .         Harm     .   A - +0 cloak
rCorr    .         Rampage  .   q - +0 pair of gloves
Will     +....     NoTele   +   t - +0 pair of boots
Stlth    ++........             z - amulet of the acrobat
HPRegen  0.26/turn              b - +6 ring of intelligence
MPRegen  0.16/turn              E - ring of willpower

@: channeling, hasted, very quick
A: talons 2, sturdy frame 3, demonic magic 3
a: Renounce Religion, Channel Magic, Forget Spell


You were in a Gauntlet.
You worshipped Sif Muna.
Sif Muna was most pleased with you.
You visited 3 branches of the dungeon, and saw 13 of its levels.
You also visited: Ossuary and Gauntlet.

You collected 1278 gold pieces.

Inventory:

Hand Weapons
 J - a +2 dagger of draining (weapon)
Missiles
 u - 5 atropa-tipped darts
 I - 4 curare-tipped darts
Armour
 a - a +0 robe
 h - a +0 ring mail (worn)
 q - a +0 pair of gloves (worn)
 t - a +0 pair of boots (worn)
 w - a +2 helmet (worn)
 A - a +0 cloak (worn)
Jewellery
 b - a +6 ring of intelligence (left hand)
 v - a ring of resist corrosion
 z - an amulet of the acrobat (around neck)
 D - an amulet of magic regeneration
 E - a ring of willpower (right hand)
 N - the ring of Yzut {+Blink rPois rF- AC+4}
   (You found it in a Gauntlet)

   [ring of protection]

   It affects your AC (+4).
   It makes you vulnerable to fire.
   It protects you from poison.
   It lets you blink.
Wands
 f - a wand of acid (7)
 n - a wand of mindburst (5)
 y - a wand of flame (15)
Scrolls
 g - 6 scrolls of teleportation {@r4}
 i - a scroll of brand weapon
 l - 2 scrolls of torment
 m - 2 scrolls of immolation
 o - 5 scrolls of fear
 p - 2 scrolls of fog
 x - a scroll of magic mapping
 F - 4 scrolls of identify {@r1}
 G - 2 scrolls of blinking
 K - 2 scrolls of vulnerability
Potions
 c - 4 potions of haste {@q3}
 d - a potion of magic
 j - 2 potions of degeneration
 k - 3 potions of flight
 r - a potion of brilliance {unknown}
 s - a potion of ambrosia {unknown}
 B - 2 potions of cancellation {unknown}
 C - a potion of invisibility {unknown}
 H - 3 potions of curing {unknown}
 M - a potion of might {unknown}
Miscellaneous
 L - a condenser vane (inert)


   Skills:
 + Level 9.5 Fighting
 - Level 4.0 Short Blades
 + Level 4.3 Armour
 + Level 4.3 Dodging
 - Level 1.7 Stealth
 - Level 3.1 Spellcasting
 - Level 8.7 Conjurations
 - Level 8.9 Hexes
 - Level 5.0 Translocations
 - Level 10.2 Invocations


You had 6 spell levels left.
You knew the following spells:

 Your Spells              Type           Power      Damage    Failure   Level
a - Magic Dart            Conj           100%       1d8       1%          1
b - Searing Ray           Conj           100%       3d7       1%          2
c - Fulminant Prism       Conj/Hex       28%        3d14      1%          4
d - Iskenderun's Mystic   Conj/Tloc      47%        2d10      4%          4

Your spell library contained the following spells:

 Spells                   Type           Power      Damage    Failure   Level
 Ensorcelled Hibernation  Hex/Ice        64%        N/A       1%          2
 Dazzling Flash           Conj/Hex       100%       N/A       1%          3
 Freeze                   Ice            16%        1d4       7%          1
 Hailstorm                Conj/Ice       31%        3d8       11%         4
 Frozen Ramparts          Ice            8%         1d2       21%         3
 Ozocubu's Armour         Ice            4%         N/A       21%         3
 Metabolic Englaciation   Hex/Ice        16%        N/A       28%         5
 Silence                  Hex/Air        16%        N/A       28%         5
 Animate Armour           Summ/Erth      8%         N/A       54%         4
 Borgnjor's Vile Clutch   Necr/Erth      2%         N/A       88%         5
 Shadow Creatures         Summ           N/A        N/A       100%        6
 Haunt                    Necr/Summ      2%         N/A       100%        7
 Malign Gateway           Summ/Tloc      10%        N/A       100%        7
 Monstrous Menagerie      Summ           2%         N/A       100%        7
 Summon Horrible Things   Summ           2%         N/A       100%        8


Dungeon Overview and Level Annotations

Branches:
Dungeon (10/15)            Temple (1/1) D:4            Lair (2/6) D:8
  Snake (0/4) Lair:2      Ossuary (visited)         Gauntlet (1/1)
  Swamp: Lair:2-4    Shoals: Lair:2-4       Orc: D:9-12

Altars:
Ashenzari
Cheibriados
Dithmenos
Elyvilon
Fedhas
Gozag
Hepliaklqana
Kikubaaqudgha
Makhleb
Nemelex Xobeh
Okawaru
Qazlal
Ru
Sif Muna
Trog
Uskayaw
Vehumet
Wu Jian
Xom
Yredelemnul
Zin
The Shining One
Beogh

Annotations:
D:8 3 runed translucent doors, avis's ghost, novice HOMo
Lair:2 exclusion: oklob plant Gauntlet 8 transporters, exclusion: lightning spire


Innate Abilities, Weirdness & Mutations

You have razor-sharp toenails.
Your movements are significantly less encumbered by armour. (ER -6)
Spells you cast and wands you use may paralyse nearby enemies.


Message History

The searing ray hits the minotaur but does no damage.
The minotaur is severely wounded.
The minotaur hits you with a staff of cold!!
* * * LOW HITPOINT WARNING * * *
The minotaur freezes you!
* * * LOW HITPOINT WARNING * * *
The minotaur closely misses you.
Okay, then.
The searing ray hits the minotaur.
The minotaur is severely wounded.
You finish channeling your searing ray.
Casting: Searing Ray (safe; 1% risk of failure)
Confirm with . or Enter, or press ? or * to list all spells.
You don't have enough magic to cast this spell.
Unknown command.
The minotaur closely misses you. The minotaur gores you.
* * * LOW HITPOINT WARNING * * *
Casting: Searing Ray (safe; 1% risk of failure)
Confirm with . or Enter, or press ? or * to list all spells.
You erupt in a blast of force!
The mystic blast hits the minotaur!
The minotaur is almost dead.
The minotaur is knocked back by the mystic blast.
The minotaur slams into the crystal wall!
Malevolent energies surge around you.
Casting: Iskenderun's Mystic Blast (dangerous; 4% risk of failure)
Confirm with . or Enter, or press ? or * to list all spells.
Aiming: Searing Ray (safe; 1% risk of failure)
Press: ? - help, Shift-Dir - straight line, f/p - minotaur
Aim: a minotaur, wielding a staff of cold, wearing a +0 chain mail, wearing a ring of protection from cold and quivering silver javelins (almost dead, 90% to hit)
The searing ray hits the minotaur.
The minotaur is almost dead. (Press . to maintain the ray.) Malevolent energies surge around you.
Unknown command.
Clouds of freezing vapour condense around you!
The condenser dries out!
The minotaur is engulfed in freezing vapours.
The minotaur hits you but does no damage.
The minotaur freezes you!
You die...

##########..8.8.8..##############
##...©.©.©...## #.............#
#######.####### #####.# #.....#
#.####### #.#..§H§# #.# #@# #.#
#.# #.# #.# #.# #.# #.# #.#
#.#####.# #.......# #########


You could see a minotaur.

Vanquished Creatures
  A hydra (Lair:2)
  2 two-headed ogres
  Sonja (D:10)
  Pikel (D:4)
  An ugly thing (D:7)
  Maurice (D:10)
  A black mamba (Lair:1)
  2 cane toads (Lair:1)
  3 kobold demonologists
  An unseen horror (D:6)
  Maggie (D:10)
  3 komodo dragons
  A vampire (D:9)
  A wyvern (Lair:1)
  11 flying skulls (Gauntlet)
  7 yaks
  3 basilisks
  Eustachio (D:4)
  3 steam dragons
  2 water moccasins (Lair:1)
  3 acid dragons
  A sky beast (D:6)
  An ice beast (D:6)
  2 black bears
  3 orc warriors
  5 ogres
  6 wolves (Lair:1)
  5 centaurs
  3 lemures (D:4)
  A phantom (D:5)
  A kobold brigand (D:9)
  4 bullfrogs
  2 scorpions
  2 wyvern zombies
  A water moccasin zombie (D:7)
  A water moccasin skeleton (D:7)
  4 killer bees (D:9)
  15 wights
  A howler monkey (D:8)
  A bullfrog zombie (D:5)
  A centaur zombie (D:9)
  5 hounds (D:5)
  2 jellies
  3 centaur skeletons
  3 human zombies (Ossuary)
  7 orc priests
  2 bullfrog skeletons
  A hell rat (Lair:1)
  2 iguanas
  7 orc wizards
  6 mummies
  4 gnolls (D:4)
  8 river rats (Lair:1)
  7 adders
  3 shadow imps
  2 white imps
  5 dart slugs (D:1)
  22 orcs
  5 endoplasms
  4 giant cockroaches
  6 goblins
  10 hobgoblins
  8 jackals
  3 quokkas (D:1)
  4 ball pythons
  2 bats
  2 gnoll zombies (Ossuary)
  A goblin zombie (Ossuary)
  A jackal zombie (Ossuary)
  14 kobolds
  2 kobold zombies (Ossuary)
  An orc zombie (Ossuary)
  11 rats
  2 rat zombies (Ossuary)
275 creatures vanquished.

Vanquished Creatures (others)
  61 fulminant prisms
  2 fungi (Lair:1)
63 creatures vanquished.

Grand Total: 338 creatures vanquished

Notes
Turn   | Place    | Note
-------+----------+-------------------------------------------
     0 | D:1      | freelancePsychic the Demonspawn Conjurer began the quest
                  | for the Orb.
     0 | D:1      | Reached XP level 1. HP: 13/13 MP: 3/3
    54 | D:1      | Found a faded altar of an unknown god.
   215 | D:1      | Gained mutation: Spells you cast may paralyse adjacent
                  | enemies. [demonic ancestry]
   215 | D:1      | Reached XP level 2. HP: 19/19 MP: 1/5
   404 | D:1      | Learned a level 2 spell: Searing Ray
   603 | D:1      | Gained mutation: Your movements are slightly less
                  | encumbered by armour. (ER -2) [demonic ancestry]
   603 | D:1      | Reached XP level 3. HP: 19/24 MP: 0/7
  1862 | D:2      | Found a snail-covered altar of Cheibriados.
  2055 | D:3      | Noticed a steam dragon
  2213 | D:3      | Found an ornate altar of the Wu Jian Council.
  2240 | D:3      | Reached skill level 5 in Conjurations
  2240 | D:3      | Gained mutation: Your movements are less encumbered by
                  | armour. (ER -4) [demonic ancestry]
  2240 | D:3      | Reached XP level 4. HP: 30/30 MP: 5/8
  2519 | D:3      | Found a blossoming altar of Fedhas.
  2593 | D:4      | Noticed a scorpion
  2598 | D:4      | Killed a scorpion
  2599 | D:4      | Reached XP level 5. HP: 35/35 MP: 2/9
  2676 | D:4      | Noticed Eustachio
  2682 | D:4      | Killed Eustachio
  2683 | D:4      | Gained mutation: You have sharp toenails. [demonic
                  | ancestry]
  2683 | D:4      | Reached XP level 6. HP: 22/41 MP: 2/10
  3049 | D:4      | Reached skill level 1 in Hexes
  3136 | D:4      | Found a staircase to the Ecumenical Temple.
  3150 | Temple   | Entered the Ecumenical Temple
  3288 | Temple   | Became a worshipper of Sif Muna the Loreminder
  3400 | D:4      | Learned a level 4 spell: Fulminant Prism
  3672 | D:4      | Reached skill level 2 in Invocations
  3672 | D:4      | Gained mutation: You have razor-sharp toenails. [demonic
                  | ancestry]
  3672 | D:4      | Reached XP level 7. HP: 46/46 MP: 4/11
  3978 | D:4      | Noticed Pikel
  4461 | D:5      | Entered Level 5 of the Dungeon
  4461 | D:5      | Found a sparkling altar of Nemelex Xobeh.
  4475 | D:5      | Found a sand-covered staircase.
  4513 | Ossuary  | Entered an ossuary
  4538 | Ossuary  | Reached skill level 3 in Invocations
  5267 | D:5      | Reached skill level 4 in Invocations
  5446 | D:5      | Reached skill level 5 in Invocations
  5547 | D:5      | Reached skill level 5 in Hexes
  5547 | D:5      | Gained mutation: Spells you cast may paralyse nearby
                  | enemies. [demonic ancestry]
  5547 | D:5      | Reached XP level 8. HP: 47/52 MP: 8/12
  5797 | D:5      | Reached skill level 6 in Invocations
  6222 | D:5      | Found a snail-covered altar of Cheibriados.
  6580 | D:4      | Killed Pikel
  6581 | D:4      | Reached skill level 7 in Invocations
  6754 | D:3      | Reached * piety under Sif Muna
  6774 | D:3      | Reached skill level 1 in Armour
  6774 | D:3      | Gained mutation: Your movements are significantly less
                  | encumbered by armour. (ER -6) [demonic ancestry]
  6774 | D:3      | Reached XP level 9. HP: 47/64 MP: 8/14
  7127 | D:6      | Found a transporter.
  7360 | D:6      | Reached skill level 8 in Invocations
  7732 | D:6      | Killed an unseen horror
  7733 | D:6      | Reached skill level 9 in Invocations
  7938 | D:6      | Found a transporter.
  7941 | D:6      | Noticed a kobold demonologist
  7941 | D:6      | Noticed a kobold demonologist
  8058 | D:6      | Killed a kobold demonologist
  8059 | D:6      | Reached skill level 5 in Fighting
  8165 | D:6      | Noticed an ice devil
  8167 | D:6      | Killed a kobold demonologist
  8168 | D:6      | Reached skill level 10 in Invocations
  8292 | D:6      | Reached ** piety under Sif Muna
  8451 | D:6      | Found a shadowy altar of Dithmenos.
  8596 | D:6      | Reached XP level 10. HP: 76/76 MP: 12/17
  8889 | D:7      | Reached skill level 1 in Short Blades
  9233 | D:7      | Found a bloodstained altar of Trog.
  9611 | D:7      | Noticed a white ugly thing
  9772 | D:7      | Killed a white ugly thing
 10035 | D:8      | Found a runed translucent gate.
 10035 | D:8      | Identified the +0 chain mail of Antique Mirth {Fly Will-
                  | Int+2 Dex+8}
 10036 | D:8      | Noticed avis's ghost (novice HOMo)
 10036 | D:8      | Found a runed translucent gate.
 10037 | D:8      | Found a runed translucent gate.
 10071 | D:8      | Found an iron altar of Okawaru.
 10101 | D:8      | Noticed a two-headed ogre
 10110 | D:8      | Killed a two-headed ogre
 10408 | D:8      | You fall into a shaft and drop 1 floor!
 10784 | D:9      | Reached *** piety under Sif Muna
 11428 | D:8      | Gained mutation: Spells you cast and wands you use may
                  | paralyse nearby enemies. [demonic ancestry]
 11428 | D:8      | Reached XP level 11. HP: 83/83 MP: 13/18
 11685 | D:8      | Found a staircase to the Lair.
 11886 | D:8      | Learned a level 4 spell: Iskenderun's Mystic Blast
 12149 | D:9      | Identified the +2 robe "Kozxo" {rN+ Dex+5}
 12490 | D:10     | Entered Level 10 of the Dungeon
 12503 | D:10     | Noticed Sonja
 12510 | D:10     | Killed Sonja
 12511 | D:10     | Reached skill level 1 in Translocations
 13114 | D:10     | Found a shimmering altar of Xom.
 13116 | D:10     | Found an ancient bone altar of Kikubaaqudgha.
 13121 | D:10     | Noticed Maurice
 13142 | D:10     | Noticed a two-headed ogre
 13493 | D:9      | Killed a two-headed ogre
 13614 | D:10     | Killed Maurice
 13766 | D:10     | Noticed Maggie
 13777 | D:10     | Killed Maggie
 14297 | Lair:1   | Entered Level 1 of the Lair of Beasts
 14307 | Lair:1   | Found a radiant altar of Vehumet.
 15121 | Lair:1   | Reached skill level 5 in Translocations
 15972 | Lair:2   | Noticed an oklob plant
 16006 | Lair:2   | Found a gate leading to a gauntlet.
 16008 | Lair:2   | Noticed a six-headed hydra
 16016 | Lair:2   | Killed a six-headed hydra
 16021 | Gauntlet | Entered a Gauntlet
 16021 | Gauntlet | Found a transporter.
 16025 | Gauntlet | Noticed a dire elephant
 16139 | Gauntlet | Noticed a fire crab
 16140 | Gauntlet | Found a transporter.
 16160 | Gauntlet | Found a transporter.
 16160 | Gauntlet | Found a transporter.
 16163 | Gauntlet | Noticed a death scarab
 16166 | Gauntlet | Noticed a death scarab
 16177 | Gauntlet | Found a transporter.
 16190 | Gauntlet | Found a transporter.
 16203 | Gauntlet | Found a transporter.
 16223 | Gauntlet | Found a transporter.
 16227 | Gauntlet | Found a transporter.
 16235 | Gauntlet | Found a transporter.
 16262 | Gauntlet | Found a transporter.
 16262 | Gauntlet | Found a transporter.
 16374 | Gauntlet | Reached XP level 12. HP: 75/96 MP: 9/19
 16389 | Gauntlet | Identified the ring of Yzut {+Blink rPois rF- AC+4}
 16530 | Gauntlet | Noticed a minotaur
 16550 | Gauntlet | Slain by a minotaur

Illustrated notes

Levels and vault maps discovered:
D:1:      dpeg_arrival_short_road, layout_rooms, basic_ecumenical_altar
D:2:      layout_basic, basic_altar, minmay_liquid_box
D:3:      layout_basic, nicolae_overflow_hidden_temple, old_standard_altar
D:4:      layout_basic, minmay_temple_entry_glass, uniq_pikel, uniq_eustachio
D:5:      minmay_polygon_palace, layout_rooms, chei_slow_surprise,
          nemelex_xobeh_ov_fountains_minmay, gup_ossuary_entry_pyramid
D:6:      gammafunk_wand_slinger, layout_gridville, pf_just_have_faith,
          minmay_three_doors
D:7:      minmay_clustersquares, layout_rooms, lemuel_doored_altar
D:8:      layout_basic, okawaru_altar_gauntlet_db, erik_lair_dragon,
          biasface_ghost_orc_armoury
D:9:      layout_cave_pods, amcnicky_altar_gilded
D:10:     layout_irregular_city, chequers_temple_overflow_statue_of_worship,
          uniq_maurice, uniq_maggie, uniq_sonja
Temple:   jpeg_temple_clearing
Lair:1:   layout_regular_city, basic_altar, kennysheep_abandoned_house
Lair:2:   layout_long_grid, guppyfry_snake_entry_garden, gauntlet_entry_generic,
          minmay_stone_trees_medium
Gauntlet: minmay_gauntlet_mixed_oops_all_seconds
          [minmay_gauntlet_arena_77_two_lines, nicolae_gauntlet_swirl,
          minmay_gauntlet_arena_77_braids, nicolae_gauntlet_arena_t_cross,
          minmay_gauntlet_arena_77_broken_ladder,
          gammafunk_gauntlet_arena_split_diamond, gauntlet_exit_spiral]

Skill      XL: |  1  2  3  4  5  6  7  8  9 10 11 |
---------------+----------------------------------+-----
Spellcasting   | 3 |  3.1
Conjurations   | 5 6 7 8 |  8.7
Hexes          | 3 5 8 |  8.9
Invocations    | 2 5 7 10 | 10.2
Fighting       | 3 5 6 9 |  9.5
Dodging        | 3 4 |  4.3
Armour         | 1 3 4 |  4.3
Short Blades   | 4 |  4.0
Translocations | 5 |  5.0
Stealth        | |  1.7

Action                   |  1- 3 |  4- 6 |  7- 9 | 10-12 || total
-------------------------+-------+-------+-------+-------++-------
Melee: Short sword       |       |     8 |    35 |    61 ||   104
       Kick              |       |       |     8 |       ||     8
       Dagger            |       |       |       |    51 ||    51
 Cast: Magic Dart        |    71 |    18 |    23 |     3 ||   115
       Searing Ray       |     5 |    12 |    48 |    78 ||   143
       Fulminant Prism   |       |     2 |    20 |    39 ||    61
       Iskenderun's Myst |       |       |       |    23 ||    23
Invok: Channel Magic     |       |       |       |     6 ||     6
Evoke: Wand              |       |       |     2 |       ||     2
       Condenser vane    |       |       |       |     1 ||     1
  Use: Scroll            |     3 |     1 |     6 |    10 ||    20
       Potion            |       |       |       |     8 ||     8
 Stab: Paralysed         |       |       |     3 |    20 ||    23
       Sleeping          |       |       |     2 |       ||     2
Armor: Robe              |     2 |       |       |       ||     2
       Ring mail         |       |     1 |    39 |    82 ||   122
Dodge: Dodged            |     6 |     8 |    34 |   209 ||   257

Table legend: (Time is in decaauts)
 A = Elapsed time spent in this place.
 B = Non-inter-level travel time spent in this place.
 C = Inter-level travel time spent in this place.
 D = Time resting spent in this place.
 E = Time spent auto-exploring this place.
 F = Levels seen in this place.
 G = Mean time per level.
                   A        B        C        D        E       F      G
               +--------+--------+--------+--------+--------+-----+--------+
         Total |  16528 |  15845 |    683 |   2293 |  11303 |  15 | 1101.9 |
       Dungeon |  13875 |  13231 |    644 |   1865 |   9666 |  10 | 1387.5 |
        Temple |    149 |    117 |     32 |      0 |    115 |   1 |  149.0 |
          Lair |   1480 |   1474 |      6 |    277 |    919 |   2 |  740.0 |
       Ossuary |    518 |    518 |      0 |      0 |    383 |   1 |  518.0 |
      Gauntlet |    505 |    505 |      0 |    151 |    220 |   1 |  505.0 |
               +--------+--------+--------+--------+--------+-----+--------+

Top non-repeatable levels by time:
     D:4: 2033 daAuts
     D:8: 1887 daAuts
     D:6: 1773 daAuts
     D:5: 1586 daAuts
     D:9: 1546 daAuts
  Lair:1: 1403 daAuts
     D:1: 1127 daAuts
    D:10: 1067 daAuts
     D:3: 1061 daAuts
     D:7: 1023 daAuts
     D:2: 768 daAuts
 Ossuary: 518 daAuts
Gauntlet: 505 daAuts
  Temple: 149 daAuts
  Lair:2: 76 daAuts
